 Dungeon Sprint DCSS version bcrawl-1.15.1 (webtiles) character file.

Game seed: 17040704234896568621

171 MordorOrchid the Charlatan (level 5, -11/42 HPs)
             Began as an Oni Air Elementalist on Sept 28, 2019.
             Was an Initiate of Cheibriados.
             Shot with an arrow by a centaur warrior (23 damage)
             ... in the Dungeon (Sprint IX: "|||||||||||||||||||||||||||||").
             The game lasted 00:03:12 (200 turns).

MordorOrchid the Charlatan (Oni Air Elementalist)    Turns: 200, Time: 00:03:12

Health: -11/42     AC:  4    Str: 15    XL:     5   Next: 51%
Magic:  10/13      EV: 14    Int: 18    God:    Cheibriados [......]
Gold:   0          SH:  0    Dex: 13    Spells: 4/13 levels left

rFire    . . .     SeeInvis .   o - +2 rapier (drain)
rCold    . . .     Gourm    .   (no shield)
rNeg     . . .     Faith    .   a - +0 animal skin
rPois    .         Spirit   .   (helmet restricted)
rElec    .         Reflect  .   (no cloak)
rCorr    .         Harm     .   (no gloves)
MR       .....     NoTele   +   (no boots)
Stlth    ++........             (no amulet)
HPRegen  0.14/turn              s - +3 ring of strength
MPRegen  0.13/turn              t - +2 ring of protection

@: very slightly contaminated, slowed, invisible, very slow
A: oni magic, claws 1, fangs 1, horns 1
a: Bend Time, Renounce Religion


You were in the Dungeon.
You worshipped Cheibriados.
Cheibriados was noncommittal.
You were not hungry.

You visited 1 branch

Inventory:

Hand Weapons
 o - a +2 rapier of draining (weapon)
 p - a +2 scimitar of flaming
Armour
 a - a +0 animal skin (worn)
 q - a +0 pair of boots
 r - a +1 scale mail
Magical Staves
 n - an uncursed staff of energy
Jewellery
 s - a +3 ring of strength (left claw)
 t - a +2 ring of protection (right claw)
Wands
 m - a wand of acid (9)
Scrolls
 j - 2 scrolls of blinking
 k - 3 scrolls of remove curse
 l - 2 scrolls of amnesia
Potions
 c - a potion of flight
 e - 5 potions of curing
 f - 3 potions of heal wounds
 h - 4 potions of magic
Comestibles
 b - a chunk of flesh
 d - a ration {!d}


   Skills:
 - Level 2.3 Fighting
 - Level 4.3 Dodging
 - Level 1.7 Stealth
 - Level 3.7 Unarmed Combat
 - Level 4.5 Spellcasting
 + Level 5.5 Evocations


You had 4 spell levels left.
You knew the following spells:

 Your Spells              Type           Power        Failure   Level  Hunger
a - Shock                 Conj/Air       ###..        2%          1    None
b - Airstrike             Air            ###.......   16%         4    ####...
e - Shackle               Hex            ###.....     2%          2    #......
w - Swiftness             Chrm/Air       ###.....     3%          2    #......

Your spell library contained the following spells:

 Spells                   Type           Power        Failure   Level  Hunger
 Apportation              Tloc           ###...       1%          1    None
 Static Discharge         Air            ###.....     4%          3    ###....
 Lightning Bolt           Conj/Air       ###.......   52%         5    ######.


Dungeon Overview and Level Annotations

Branches:
Dungeon (1/1)

Altars:
Cheibriados
Dithmenos
Elyvilon
Fedhas
Gozag
Hepliaklqana
Kikubaaqudgha
Lugonu
Makhleb
Nemelex Xobeh
Okawaru
Qazlal
Ru
Sif Muna
Trog
Uskayaw
Vehumet
Wu Jian
Xom
Yredelemnul
Zin
The Shining One
Beogh
Jiyva


Innate Abilities, Weirdness & Mutations

You learn spells by gaining experience, not through books or religion.
You only train spellcasting to practice magic.
You have sharp fingernails.
You have very sharp teeth.
You have a pair of small horns on your head.


Message History

The centaur warrior wields a +0 longbow.
The centaur warrior shoots an arrow.
The arrow hits the ogre!!
The ogre dies!
Your Evocations skill gained 5 levels and is now at level 5!
You have reached level 5!
The ogre mage casts a spell at you.
You feel yourself slow down.
The centaur warrior shoots an arrow.
The arrow hits the ogre mage!
You hit the ogre mage. You drain the ogre mage.
The ogre mage is almost dead.
The ogre mage misses you. The ogre mage casts a spell at you.
The bolt of lightning misses you.
The centaur warrior shoots an arrow.
The arrow barely misses the ogre mage.
The arrow hits you!! The ogre mage hits you with a +0 spear.
* * * LOW HITPOINT WARNING * * *
The centaur warrior shoots an arrow.
The arrow barely misses the ogre mage.
The arrow hits you!!
Ouch! That really hurt!
You die... ▓▓▓▓▓▓▓▓▓▓▓▓▓▓▓▓▓▓▓▓▓▓▓▓ ______'...).[..!@O)cWTZ+ ▓▓▓▓▓▓▓▓▓▓▓▓▓▓▓▓▓▓▓▓▓▓▓▓

You could see a centaur warrior, an ogre mage, a troll, a phantom and a bat zombie (wandering).

Vanquished Creatures
  2 hounds (D)
  An orc wizard (D)
  An adder (D)
  An ooze (D)
  A dart slug (D)
  A goblin (D)
  A hobgoblin (D)
  A frilled lizard (D)
  A leopard gecko skeleton (D)
10 creatures vanquished.

Vanquished Creatures (others)
  An ogre (D)
1 creature vanquished.

Grand Total: 11 creatures vanquished

Notes
Turn   | Place    | Note
-------+----------+-------------------------------------------
     0 | D        | MordorOrchid the Oni Air Elementalist began the quest for
                  | the Orb.
     0 | D        | Reached XP level 1. HP: 14/14 MP: 4/4
     7 | D        | Reached skill level 1 in Fighting
    16 | D        | Reached XP level 2. HP: 15/25 MP: 1/7
    30 | D        | Learned a level 2 spell: Swiftness
   123 | D        | Reached skill level 1 in Unarmed Combat
   126 | D        | Reached XP level 3. HP: 18/30 MP: 1/10
   126 | D        | Reached XP level 4. HP: 23/37 MP: 1/12
   135 | D        | Found a roughly hewn altar of Beogh.
   135 | D        | Found a snail-covered altar of Cheibriados.
   135 | D        | Found a shadowy altar of Dithmenos.
   135 | D        | Found a white marble altar of Elyvilon.
   135 | D        | Found a blossoming altar of Fedhas.
   135 | D        | Found an opulent altar of Gozag.
   136 | D        | Found a hazy altar of Hepliaklqana.
   137 | D        | Found a viscous altar of Jiyva.
   143 | D        | Learned a level 4 spell: Airstrike
   146 | D        | Learned a level 2 spell: Shackle
   146 | D        | Found an ancient bone altar of Kikubaaqudgha.
   147 | D        | Became a worshipper of Cheibriados the Contemplative
   148 | D        | Found a corrupted altar of Lugonu.
   149 | D        | Found a burning altar of Makhleb.
   150 | D        | Found a sparkling altar of Nemelex Xobeh.
   151 | D        | Found an iron altar of Okawaru.
   152 | D        | Found a stormy altar of Qazlal.
   153 | D        | Found a sacrificial altar of Ru.
   154 | D        | Found a shimmering blue altar of Sif Muna.
   155 | D        | Found a bloodstained altar of Trog.
   156 | D        | Found a hide-covered altar of Uskayaw.
   157 | D        | Found a radiant altar of Vehumet.
   158 | D        | Found an ornate altar of the Wu Jian Council.
   159 | D        | Found a shimmering altar of Xom.
   160 | D        | Found a basalt altar of Yredelemnul.
   161 | D        | Found a glowing silver altar of Zin.
   162 | D        | Found a glowing golden altar of the Shining One.
   195 | D        | Noticed an ogre mage
   195 | D        | Noticed an ogre
   195 | D        | Noticed a centaur warrior
   195 | D        | Noticed a phantom
   195 | D        | Noticed a troll
   199 | D        | Killed an ogre
   199 | D        | Reached skill level 5 in Evocations
   199 | D        | Reached XP level 5. HP: 32/42 MP: 9/13
   200 | D        | Shot with an arrow by a centaur warrior

Skill      XL: |  1  2  3  4 |
---------------+-------------+-----
Fighting       | 2 |  2.3
Spellcasting   | 2 3 4 |  4.5
Dodging        | 3 4 |  4.3
Unarmed Combat | 2 3 |  3.7
Evocations     | 5 |  5.5
Stealth        | |  1.7

Action                   |  1- 3 |  4- 6 || total
-------------------------+-------+-------++-------
Melee: Unarmed           |     8 |     1 ||     9
       Headbutt          |     1 |     1 ||     2
       Rapier            |       |     3 ||     3
 Cast: Shock             |     7 |     2 ||     9
Evoke: Wand              |       |     1 ||     1
  Use: Potion            |     1 |     1 ||     2
Armor: Animal skin       |     1 |     1 ||     2
Dodge: Dodged            |     6 |     5 ||    11
